 Dungeon Crawl Stone Soup version 0.27.1 (webtiles) character file.

Game seed: 1536062591230937626

3518 MajorAdolf the Ducker (level 9, -8/120 HPs)
             Began as a Troll Wanderer on Aug 24, 2021.
             Was a Priest of Ashenzari.
             Mangled by a meliai (10 damage)
             ... on level 8 of the Dungeon.
             The game lasted 00:14:21 (7189 turns).

MajorAdolf the Ducker (Troll Wanderer)              Turns: 7189, Time: 00:14:22

Health: -8/120     AC: 24    Str: 21    XL:     9   Next: 81%
Magic:  8/8        EV:  1    Int: 12    God:    Ashenzari [***...]
Gold:   202        SH:  0    Dex:  9    Spells: 8/8 levels left

rFire    + . .     SeeInvis +   g - +2 whip "Pangnostic Seer" {elec, Comp, Evo} (curse)
rCold    . . .     Faith    .   (no shield)
rNeg     + + +     Spirit   .   (armour currently unavailable)
rPois    +         Reflect  .   (helmet currently unavailable)
rElec    .         Harm     .   (cloak currently unavailable)
rCorr    .         Rampage  .   (gloves unavailable)
Will     .....     Clarity  +   (boots unavailable) Stlth +.........NoTele +
                                y - amulet of Toth-Mos's Legacy {Regen+, Alch, Evo} (curse)
HPRegen  2.30/turn              K - ring "Lethargy of the Sphere" {rF+, Bglg, Melee} (curse)
MPRegen  0.11/turn              t - ring of see invisible

@: lethally poisoned (-8 -> -8), tree-form
A: stationary, stasis, torment immunity, boosted hp, large, unfitting armour,
(claws 3), regeneration 1, (shaggy fur 1), (tough skin 1)
a: Renounce Religion, Shatter the Chains


You were on level 8 of the Dungeon.
You worshipped Ashenzari.
Ashenzari was most pleased with you.
You were a tree.
You visited 2 branches of the dungeon, and saw 9 of its levels.

You collected 434 gold pieces.
You spent 232 gold pieces at shops.

Inventory:

Hand Weapons
 a - a +2 hand axe
 b - a +0 spear
 e - a +0 dagger
 g - the cursed +2 whip "Pangnostic Seer" (weapon) {elec, Comp, Evo}
   (You took it off a gnoll on level 1 of the Dungeon)

   It occasionally discharges a powerful burst of electricity upon striking a
   foe.
   It has a curse which improves the following skills: Companions: Summonings
   and Necromancy.
   Evocations: Evocations.
Missiles
 i - 3 throwing nets (quivered)
Armour
 d - a +0 robe
 u - +0 steam dragon scales
 D - the cursed +0 acid dragon scales of the Elysian Irritation (melded) {rCorr, Self, Alch}
   (You found it on level 5 of the Dungeon)

   rCorr:     It protects you from acid and corrosion.
   It has a curse which improves the following skills: Introspection: Fighting
   and Spellcasting.
   Alchemy:   Poison Magic and Transmutations.
Magical Staves
 v - a staff of cold
Jewellery
 p - a ring of flight
 t - a ring of see invisible (right branch)
 w - a +4 ring of evasion
 y - the cursed amulet of Toth-Mos's Legacy (around neck) {Regen+, Alch, Evo}
   (You found it on level 4 of the Dungeon)

   [amulet of regeneration]

   Regen:     It increases your rate of health regeneration.
   It has a curse which improves the following skills: Alchemy: Poison Magic and
   Transmutations.
   Evocations: Evocations.
 A - an amulet of the acrobat
 C - a ring of resist corrosion
 J - a +4 ring of evasion
 K - the cursed ring "Lethargy of the Sphere" (left branch) {rF+, Bglg, Melee}
   (You found it on level 7 of the Dungeon)

   [ring of protection from fire]

   rF:        It protects you from fire.
   It has a curse which improves the following skills: Beguiling: Conjurations,
   Hexes and Translocations.
   Melee Combat: Short Blades, Long Blades, Axes, Maces & Flails, Polearms,
   Staves and Unarmed Combat.
 M - an amulet of guardian spirit
Wands
 G - a wand of acid (6)
 I - a wand of iceblast (13)
 N - a wand of mindburst (15)
Scrolls
 f - 3 scrolls of summoning
 j - 6 scrolls of enchant armour
 k - 2 scrolls of enchant weapon
 l - 3 scrolls of amnesia
 m - 2 scrolls of silence
 o - 2 scrolls of magic mapping
 q - 6 scrolls of teleportation
 r - a scroll of fog
 s - a scroll of torment
 z - 3 scrolls of fear
 B - 2 scrolls of blinking
 E - 5 scrolls of vulnerability
 F - a scroll of immolation
Potions
 c - a potion of lignification
 h - 3 potions of curing
 n - 2 potions of invisibility
 x - a potion of mutation
 H - a potion of berserk rage
 L - a potion of haste


   Skills:
 - Level 2.8 Fighting
 - Level 1.5(2.9) Short Blades
 - Level 1.0(3.5) Axes
 - Level 4.9(6.8) Maces & Flails
 - Level 1.0 Throwing
 + Level 4.5 Armour
 + Level 7.3 Dodging
 - Level 1.0 Stealth
 + Level 4.8 Shields
 - Level 3.0(5.5) Evocations


You had 8 spell levels left.
You didn't know any spells.
Your spell library was empty.

Dungeon Overview and Level Annotations

Branches:
Dungeon (8/15)             Temple (1/1) D:5
   Lair: D:8-11

Altars:
Ashenzari
Cheibriados
Dithmenos
Elyvilon
Fedhas
Gozag
Kikubaaqudgha
Makhleb
Nemelex Xobeh
Okawaru
Qazlal
Ru
Sif Muna
Trog
Uskayaw
Vehumet
Wu Jian
Xom
Yredelemnul
The Shining One

Shops:
D:7 *   D:8 *

Annotations:
D:4 1 runed translucent door, Millie's ghost, amateur MiFi


Innate Abilities, Weirdness & Mutations

You are a tree.
Your roots penetrate the ground, keeping you stationary.
You cannot be teleported.
You are immune to unholy pain and torment.
Your maximum health is greatly increased.
Your equipment is partially melded.
You are too large for most types of armour.
((You have claws for hands.))
Your natural rate of healing is unusually fast.
((You are covered in fur. (AC +1)))
((You have tough skin. (AC +1)))


Message History

The meliai poisons you! The meliai hits you with a +0 hand axe!
The meliai closely misses you.
The necrophage hits you but does no damage.
You feel very sick. The meliai hits you with a +0 hand axe.
The meliai stings you but does no damage.
You are too injured to fight recklessly!
You barely miss the meliai.
You feel very sick. The meliai closely misses you. The meliai misses you.
The meliai hits you with a +0 hand axe!
* * * LOW HITPOINT WARNING * * *
The meliai misses you.
Unknown command.
Really quaff the potion of lignification?
You turn into a tree.
The cursed +0 acid dragon scales of the Elysian Irritation {rCorr, Self, Alch} melds into your body.
Your roots penetrate the ground.
You feel very sick.
The meliai invokes the aid of its god against you.
Something smites you!
* * * LOW HITPOINT WARNING * * *
The meliai hits you but does no damage.
The meliai stings you but does no damage.
You hit the meliai. Lightning courses through the meliai!
The meliai is almost dead.
You feel very sick. The meliai hits you but does no damage.
The meliai stings you but does no damage.
You closely miss the meliai.
The meliai is almost dead.
You feel sick.
The meliai mumbles some strange prayers to its god against you.
Something smites you!
* * * LOW HITPOINT WARNING * * *
Unknown command.
You miss the meliai.
The meliai is almost dead.
You feel sick. The meliai hits you with a +0 hand axe!
You die...

....#.....####
....#.....#..##
..............#
##..#.........#
....#..##.#...#
.#......#.#[..#
.#####...#########
#.###...##.....y.##
#...###.#..###{#♣?#
....###### #(.#.##
.....##..#*∆#####.#
).....#.## ,##.#.##
........# ##.#.#.#
........#, #.######
........#..##.#.#.###
...#....##..........#
....#....##########.#


You could see a meliai.

Vanquished Creatures
  Harold (D:7)
  Maggie (D:7)
  2 steam dragons
  Edmund (D:4)
  An acid dragon (D:5)
  A water moccasin (D:7)
  A sky beast (D:5)
  2 ice beasts
  2 centaurs (D:6)
  2 kobold brigands
  5 bullfrogs
  3 scorpions
  A gnoll sergeant (D:6)
  A howler monkey (D:8)
  2 centaur zombies
  A bullfrog zombie (D:6)
  2 jellies
  A gnoll shaman (D:7)
  2 orc priests
  3 hounds (D:5)
  A bullfrog skeleton (D:5)
  A centaur skeleton (D:5)
  An iguana (D:5)
  Ijyb (D:3)
  An orc wizard (D:6)
  Robin (D:3)
  A howler monkey zombie (D:8)
  6 adders
  9 gnolls
  2 white imps (D:6)
  An ufetubus (D:4)
  2 adder skeletons
  An adder zombie (D:3)
  A worm (D:4)
  4 dart slugs
  13 orcs
  3 bats
  6 endoplasms
  3 giant cockroaches
  15 hobgoblins
  A jackal (D:3)
  14 kobolds
  2 quokkas
  4 ball pythons (D:3)
  2 frilled lizards
  5 goblins
  2 rats
138 creatures vanquished.

Notes
Turn   | Place    | Note
-------+----------+-------------------------------------------
     0 | D:1      | MajorAdolf the Troll Wanderer began the quest for the Orb.
     0 | D:1      | MajorAdolf set off with the following items: a +2 hand axe,
                  | a +0 spear, a potion of lignification, a +0 robe, a +0
                  | dagger
     0 | D:1      | Reached XP level 1. HP: 19/19 MP: 0/0
   180 | D:1      | Reached XP level 2. HP: 28/28 MP: 1/1
   388 | D:1      | HP: 1/29 [gnoll (9)]
   624 | D:1      | Reached XP level 3. HP: 36/36 MP: 2/2
  1296 | D:2      | Reached skill level 1 in Maces & Flails
  1340 | D:2      | Found a faded altar of an unknown god.
  1538 | D:2      | Reached XP level 4. HP: 44/44 MP: 3/3
  2738 | D:4      | Noticed Robin
  2860 | D:3      | Killed Robin
  2861 | D:3      | Reached XP level 5. HP: 52/52 MP: 4/4
  2879 | D:4      | Noticed Ijyb
  3037 | D:3      | Killed Ijyb
  3058 | D:4      | Found the +2 cloak of the Thief {*Fog Slay-2 SInv Stlth+}
  3100 | D:4      | Noticed Millie's ghost (amateur MiFi)
  3105 | D:4      | Found a runed translucent door.
  3409 | D:4      | Noticed Edmund
  3465 | D:4      | Killed Edmund
  3466 | D:4      | Reached XP level 6. HP: 37/59 MP: 5/5
  3658 | D:5      | Entered Level 5 of the Dungeon
  3718 | D:5      | Reached skill level 2 in Dodging
  3733 | D:5      | Noticed an acid dragon
  3877 | D:5      | Reached skill level 3 in Dodging
  3935 | D:5      | Reached XP level 7. HP: 66/66 MP: 6/6
  4069 | D:6      | Reached skill level 4 in Dodging
  4224 | D:5      | Reached skill level 5 in Dodging
  4290 | D:5      | Reached XP level 8. HP: 74/74 MP: 7/7
  4499 | D:5      | Found a staircase to the Ecumenical Temple.
  4506 | D:5      | Reached skill level 1 in Armour
  4703 | Temple   | Entered the Ecumenical Temple
  4763 | Temple   | Became a worshipper of Ashenzari the Shackled
  4884 | D:6      | Found a white marble altar of Elyvilon.
  5281 | D:6      | Found a blossoming altar of Fedhas.
  5310 | D:6      | Reached skill level 6 in Dodging
  5710 | D:7      | Noticed Maggie
  5754 | D:7      | Killed Maggie
  5755 | D:7      | Reached skill level 1 in Evocations
  5936 | D:7      | Reached * piety under Ashenzari
  5985 | D:7      | Reached XP level 9. HP: 50/84 MP: 8/8
  6133 | D:7      | Found Ciroen's General Store.
  6143 | D:7      | Bought a potion of berserk rage for 80 gold pieces
  6143 | D:7      | Bought a scroll of summoning for 152 gold pieces
  6368 | D:7      | Found a bloodstained altar of Trog.
  6643 | D:8      | Noticed Harold
  6652 | D:8      | Reached ** piety under Ashenzari
  6698 | D:7      | Killed Harold
  6699 | D:7      | Reached skill level 7 in Dodging
  6966 | D:8      | Found Qofrudag's General Store.
  7070 | D:8      | Reached *** piety under Ashenzari
  7100 | D:8      | Found a shimmering altar of Xom.
  7181 | D:8      | Noticed a meliai
  7188 | D:8      | HP: 2/120 [meliai/divine providence (16)]
  7189 | D:8      | Mangled by a meliai

Illustrated notes

Levels and vault maps discovered:
D:1:      psy_arrival_radial01, layout_loops_ring, minmay_liquid_box,
          minmay_misc_feat_tower, st_stairs_7, hangedman_glass_teeth
D:2:      layout_basic, dreamdust_ecumenical_altar_sealed_demon
D:3:      layout_loops_ring, minmay_close_crescents
D:4:      layout_rooms, hellmonk_ghost_happy_afterlife, uniq_edmund, uniq_ijyb,
          uniq_robin
D:5:      layout_basic, temple_green, kennysheep_generic_room_7
D:6:      layout_basic, general_overflow_altar,
          mainiacjoe_overflow_concentric_impassable, kennysheep_big_empty_room
D:7:      layout_loops_ring, overflow_temple_1_default, serial_shops, shop,
          due_unseen_surprise, uniq_maggie
D:8:      layout_cave_pools, kennysheep_mini, serial_shops,
          nicolae_shop_behind_doors, minmay_small_thing, uniq_harold
Temple:   nicolae_temple_x_marks_the_god

Skill      XL: |  1  2  3  4  5  6  7  8  9 |
---------------+----------------------------+-----
Fighting       | 2 |  2.8
Maces & Flails | 2 3 4 |  4.9
Dodging        | 3 5 6 7 |  7.3
Armour         | 3 4 |  4.5
Shields        | 3 4 |  4.8
Evocations     | 1 3 |  3.0
Short Blades   | |  1.5
Axes           | |  1.0
Throwing       | |  1.0
Stealth        | |  1.0

Action                   |  1- 3 |  4- 6 |  7- 9 || total
-------------------------+-------+-------+-------++-------
Melee: Hand axe          |    49 |       |       ||    49
       Whip              |    48 |   171 |   322 ||   541
Throw: Throwing net      |     1 |       |       ||     1
Invok: Curse Item        |       |       |     4 ||     4
Evoke: Wand              |       |       |     5 ||     5
  Use: Potion            |       |       |     2 ||     2
 Stab: Sleeping          |     4 |     1 |       ||     5
       Distracted        |       |     1 |     1 ||     2
Armor: Robe              |    42 |    30 |     7 ||    79
       Skin              |       |       |    15 ||    15
       Acid dragon scale |       |       |    77 ||    77
Dodge: Dodged            |    46 |    79 |   232 ||   357
